 Dungeon Crawl Stone Soup version 0.24.0-1-gfbc8707 (webtiles) character file.

Game seed: 15726317991783153501, levelgen mode: deterministic

117 Buxparty the Skirmisher (level 4, 0/38 HPs)
             Began as a Mummy Wanderer on Jan 6, 2020.
             Splashed by a jelly's acid (8 damage)
             ... on level 2 of the Dungeon.
             The game lasted 00:04:46 (1924 turns).

Buxparty the Skirmisher (Mummy Wanderer)            Turns: 1924, Time: 00:04:48

Health: 0/38       AC: -2    Str: 17    XL:     4   Next: 71%
Magic:  4/4        EV:  9    Int:  9    God:
Gold:   105        SH:  0    Dex: 12    Spells: 3/3 levels left

rFire    . . .     SeeInvis .   a - +0 mace
rCold    . . .     Gourm    .   (no shield)
rNeg     + + +     Faith    .   c - +2 scale mail
rPois    ∞         Spirit   .   (no helmet)
rElec    .         Reflect  .   (no cloak)
rCorr    .         Harm     .   (no gloves)
MR       .....                  f - +0 pair of boots
Stlth    ..........             (no amulet)
HPRegen  0.12/turn              e - ring of fire
MPRegen  0.09/turn              (no ring)

@: corroded
A: no food or potions, fire vulnerability, cold resistance 1, negative energy
resistance 3, torment resistance, unbreathing
a: no special abilities


You were on level 2 of the Dungeon.
You were not hungry.

You visited 1 branch of the dungeon, and saw 2 of its levels.

You collected 105 gold pieces.

Inventory:

Hand Weapons
 a - a +0 mace (weapon)
 d - a +0 dagger
Missiles
 h - 10 poisoned darts (quivered)
Armour
 c - a +2 scale mail (worn)
 f - a +0 pair of boots (worn)
Jewellery
 e - a ring of fire (left hand)
Scrolls
 b - a scroll of teleportation
 g - 4 scrolls of identify {unknown}
 i - 4 scrolls of enchant weapon {unknown}
 j - a scroll of fear {unknown}
 k - a scroll of amnesia {unknown}


   Skills:
 + Level 4.8 Fighting
 + Level 3.3 Maces & Flails
 + Level 1.8 Armour
 + Level 0.7 Dodging
 - Level 1.5 Stealth


You had 3 spell levels left.
You didn't know any spells.
Your spell library was empty.

Dungeon Overview and Level Annotations

Branches:
Dungeon (2/15)

Altars:


Innate Abilities, Weirdness & Mutations

You do not eat or drink.
Your flesh is vulnerable to fire.
You are immune to poison.
Your flesh is cold resistant. (rC+)
You are immune to negative energy. (rN+++)
You are immune to unholy pain and torment.
You can survive without breathing.


Message History

a +0 short sword; a +0 whip; a +2 dagger of speed; a +0 club x2
You see here 2 stones.
The jelly jiggles.
You hit the jelly.
Your hands burn!
The jelly is moderately wounded.
The jelly hits you but does no damage.
You hit the jelly.
Your hands burn!
The jelly is moderately wounded.
The jelly hits you but does no damage.
You sock the jelly!
Your hands burn!
The jelly is almost dead.
The jelly hits you but does no damage. The jelly hits you.
The acid corrodes you!
You are splashed with acid!
You hit the jelly but do no damage. The acid corrodes you!
Your hands burn!
* * * LOW HITPOINT WARNING * * *
The jelly is almost dead.
The jelly hits you.
* * * LOW HITPOINT WARNING * * *
The acid corrodes you!
You are splashed with acid!
You die...

###.####...####.#.#.............#
###.###.....###)..#.#...........#
....##.......##)###.#...........#
##.###.......##(###.............#
#.# #.......##..##.#.........^.#
#.# #.......##.{...............#
#.# #....######J##.##...........
#.# #..%.'..###J##..............
#.# ########.##@##..≈≈≈≈≈.≈≈≈≈..
#.# ##...J..###.##..≈≈≈≈≈.≈≈≈≈..
#.# #'####### #.##..≈≈≈≈≈.≈≈≈≈..
##.##÷..J...P. #.##..≈≈≈≈≈.≈≈≈≈..
...##÷P.....P. #...........≈≈≈≈.#
##.##.JJ..÷.÷. ##....≈≈≈≈.......#
...##.÷...P.P. #....≈≈≈≈.≈≈≈≈≈.#
##.##.P....÷P. #....≈≈≈≈.≈≈≈≈≈.#
#.##....÷÷..$ ##...≈≈≈≈.≈≈≈≈≈.#


You could see 2 jellies.

Vanquished Creatures
  4 adders (D:2)
  3 oozes (D:2)
  2 worms (D:2)
  A dart slug (D:1)
  2 leopard geckos (D:1)
  6 bats
  3 giant cockroaches
  3 hobgoblins (D:2)
  A quokka (D:2)
  4 frilled lizards
  13 goblins
  14 kobolds
  4 rats
60 creatures vanquished.

Vanquished Creatures (others)
  3 fungi (D:2)
  6 toadstools (D:2)
9 creatures vanquished.

Grand Total: 69 creatures vanquished

Notes
Turn   | Place    | Note
-------+----------+-------------------------------------------
     0 | D:1      | Buxparty the Mummy Wanderer began the quest for the Orb.
     0 | D:1      | Buxparty set off with the following items: a +0 mace, a
                  | scroll of teleportation, a +2 scale mail, a +0 dagger
     0 | D:1      | Reached XP level 1. HP: 19/19 MP: 1/1
   304 | D:1      | Reached XP level 2. HP: 23/25 MP: 2/2
  1123 | D:2      | Reached XP level 3. HP: 31/31 MP: 3/3
  1434 | D:2      | Reached XP level 4. HP: 38/38 MP: 4/4
  1924 | D:2      | Splashed by a jelly's acid

Levels and vault maps discovered:
D:1:      sevenhm_arrival_forest_fort_large_4, layout_loops_ring,
          patterned_corridor
D:2:      cheibrodos_fertilizer, layout_basic, makhleb_grotto_becter,
          minivault_14

Skill      XL: |  1  2  3 |
---------------+----------+-----
Maces & Flails | 3 |  3.3
Fighting       | |  4.8
Armour         | |  1.8
Dodging        | |  0.7
Stealth        | |  1.5

Action                   |  1- 3 |  4- 6 || total
-------------------------+-------+-------++-------
Melee: Mace              |   123 |    75 ||   198
Throw: Dart              |       |     3 ||     3
Armor: Scale mail        |    81 |    57 ||   138
Dodge: Dodged            |    85 |    35 ||   120
